cohdb
Replays
Latest Replays
All Replays
Popular Replays
Top Player Replays
Match Explorer
How It Works
Community
CoH3 Stats
Reddit
Sign in to upload your games and track your stats! →
Sign in with Steam
bro wasnt even hiding cheats/smurf account
Match 32014806
Overview
Messages
Build Orders
End
Construct Barracks
Selects Special Operations Battlegroup
Selects M29 Weasel Recon Vehicle
M29 Weasel Recon Vehicle
Riflemen Squad
Riflemen Squad
Riflemen Squad
Grenade Package
Construct Medical Station
Infantry Support Center
M1918 Browning Automatic Rifles
Riflemen Squad
Construct Motor Pool
M1 Anti-tank Gun Team
M1 Anti-tank Gun Team
M8 Greyhound Armored Car
Riflemen Squad
Selects P-47 Anti-Infantry Loiter
Engineer Squad
Riflemen Squad
Advanced Logistics
Survival Training
M24 Chaffee Light Tank
M1 Mortar Team
P-47 Anti-Infantry Loiter
Engineer Squad
Munitions Surplus
Selects M4A1 Sherman Whizbang
M4A1 Sherman Whizbang
Riflemen Squad
Kimchi milk
Elite_1650
0
0
Comments
sign in to comment!
No comments posted yet!